Map: Habitation Station LE (Void)

Players

Lingcoh

  • Race: Zerg Zerg
  • League: Platinum
  • Spawn Location: 11:00

Fropez - Winner!

  • Race: Protoss Protoss
  • League: Gold
  • Spawn Location: 1:00

VOD

Have the link to the VOD?

Description

Time

  • Played on: Jan. 16, 2017, 8:48 p.m.
  • Length: 11:41
Show
View Real Time Build Order
Export as new Build Order

Lingcoh Zerg 

Build Orders: Hatch First 

Get SALT Encoding   

  12  0:00  Drone  
  13  0:12  Drone  
  14  0:17  Overlord  
  14  0:35  Drone x2  
  14  0:36  Drone  
  17  0:57  Extractor  
  17  0:58  Drone  
  17  0:59  Hatchery  
  17  1:02  Drone  
  17  1:21  Spawning Pool  
  17  1:24  Drone  
  17  1:25  Drone  
  18  1:35  Drone  
  19  1:54  Drone  
  19  1:55  Overlord  
  20  2:08  Queen  
  20  2:09  Metabolic Boost  
  20  2:11  Queen  
  24  2:22  Drone x2  
  26  2:23  Drone  
  26  2:25  Drone  
  28  2:35  Drone  
  28  2:44  Drone  
  28  2:45  Overlord  
  28  2:48  Pneumatized Carapace  
  29  2:52  Evolution Chamber  
  29  2:55  Drone  
  29  2:56  Extractor, Drone  
  29  3:04  Queen  
  31  3:07  Drone  
  31  3:12  Drone  
  33  3:19  Drone x3  
  36  3:23  Drone x2  
  36  3:24  Drone  
  39  3:30  Overlord  
  39  3:37  Overlord  
  39  3:44  Queen  
  39  3:46  Zergling x4  
  40  3:48  Zergling x2  
  40  3:53  Zergling x4  
  35  4:31  Zergling x6  
  35  4:32  Zergling x10  
  42  4:50  Zerg Missile Weapons Level 1  
  42  4:51  Drone  
  43  4:56  Drone x2  
  45  5:07  Drone x4  
  49  5:19  Drone  
  49  5:20  Drone x3  
  53  5:26  Spine Crawler  
  52  5:29  Spine Crawler  
  49  5:37  Burrow  
  49  5:42  Roach Warren  
  48  5:44  Drone  
  48  6:09  Zergling x16  
  56  6:13  Overlord  
  56  6:26  Roach x2  
  60  6:40  Overlord  
  60  6:41  Overlord x2  
  60  6:42  Roach x4  
  64  7:08  Zerg Ground Armor Level 1  
  64  7:09  Lair  
  64  7:17  Drone x5  
  64  7:18  Drone  
  70  7:25  Hatchery  
  70  7:26  Drone  
  59  7:53  Spine Crawler  
  59  7:54  Extractor  
  59  7:58  Drone x4  
  61  8:01  Evolution Chamber  
  59  8:10  Drone x5  
  59  8:11  Overlord x2  
  64  8:21  Hydralisk Den  
  64  8:25  Roach x2  
  64  8:26  Roach x4  
  75  8:30  Glial Reconstitution  
  75  8:32  Zerg Missile Weapons Level 2  
  75  8:38  Extractor  
  75  8:40  Spore Crawler  
  73  8:43  Spore Crawler  
  73  8:44  Drone  
  73  8:45  Spine Crawler  
  73  8:48  Ravager x5  
  77  9:04  Drone  
  77  9:05  Drone x7  
  77  9:07  Overlord  
  85  9:24  Muscular Augments  
  85  9:30  Drone  
  85  9:31  Drone x2  
  88  9:35  Roach x4  
  88  9:36  Roach  
  98  9:53  Queen, Spine Crawler  
  98  9:54  Overlord  
  98  9:57  Overseer  
  99  10:04  Spine Crawler, Overlord x4  
Show
View Real Time Build Order
Export as new Build Order

Fropez Protoss - Winner!

Build Orders:  

Get SALT Encoding   

  12  0:01  Probe (Chrono Boost)  
  13  0:12  Probe (Chrono Boost)  
  14  0:17  Pylon  
  14  0:22  Probe (Chrono Boost)  
  15  0:35  Gateway  
  15  0:37  Probe (Chrono Boost)  
  16  0:47  Assimilator  
  16  0:48  Probe (Chrono Boost)  
  17  0:58  Probe (Chrono Boost)  
  18  1:09  Probe (Chrono Boost)  
  19  1:23  Pylon x2  
  19  1:26  Cybernetics Core  
  19  1:28  Assimilator  
  19  1:29  Probe (Chrono Boost)  
  20  1:42  Pylon  
  20  1:47  Gateway  
  20  1:50  Probe (Chrono Boost)  
  20  1:53  Warp Gate  
  21  2:06  Gateway  
  21  2:15  Mothership Core (Chrono Boost)  
  23  2:21  Adept  
  25  2:37  Adept  
  27  3:00  Nexus  
  27  3:01  Adept  
  29  3:13  Sentry  
  31  3:27  Pylon  
  31  3:30  Adept  
  31  3:31  Adept  
  37  3:57  Sentry  
  37  4:23  Twilight Council  
  33  4:28  Forge  
  31  4:32  Gateway  
  31  4:34  Adept x2  
  31  4:37  Assimilator  
  35  4:45  Probe (Chrono Boost)  
  37  4:46  Probe (Chrono Boost)  
  36  5:01  Adept x3, Resonating Glaives  
  44  5:07  Probe (Chrono Boost)  
  44  5:08  Probe (Chrono Boost)  
  44  5:09  Pylon  
  44  5:11  Assimilator  
  45  5:21  Probe (Chrono Boost)  
  45  5:22  Probe (Chrono Boost)  
  46  5:32  Probe (Chrono Boost)  
  46  5:34  Probe (Chrono Boost)  
  48  5:36  Sentry  
  50  6:02  Gateway  
  50  6:04  Photon Cannon  
  50  6:06  Pylon  
  50  6:12  Adept  
  50  6:16  Probe (Chrono Boost)  
  50  6:17  Protoss Ground Weapons Level 1  
  50  6:18  Probe (Chrono Boost)  
  54  6:23  Pylon  
  54  6:27  Probe (Chrono Boost)  
  54  6:30  Probe (Chrono Boost)  
  56  6:39  Adept x2  
  60  6:40  Adept x2  
  48  7:01  Adept x3  
  48  7:02  Adept  
  48  7:06  Probe (Chrono Boost)  
  48  7:07  Probe (Chrono Boost)  
  56  7:16  Probe (Chrono Boost)  
  56  7:18  Dark Shrine  
  56  7:19  Probe (Chrono Boost)  
  58  7:27  Probe (Chrono Boost)  
  60  7:31  Probe (Chrono Boost)  
  42  7:45  Stalker x4  
  50  7:56  Probe (Chrono Boost)  
  50  7:58  Probe (Chrono Boost)  
  52  8:05  Protoss Ground Weapons Level 2  
  52  8:12  Blink  
  52  8:18  Stalker x5  
  62  8:43  Probe (Chrono Boost)  
  62  8:44  Probe (Chrono Boost)  
  64  8:53  Pylon  
  64  8:56  Pylon  
  64  9:18  Adept x4  
  64  9:19  Adept  
  74  9:28  Pylon  
  74  9:41  Dark Templar x3  
  74  9:42  Photon Cannon, Dark Templar x2  
  84  10:15  Nexus  
  84  10:17  Pylon  
  84  10:18  Pylon  
  84  10:39  Probe x2 (Chrono Boost)  
  84  10:55  Robotics Facility  
  84  10:57  Pylon  
  84  10:58  Probe (Chrono Boost)  
  84  10:59  Probe (Chrono Boost)  
  84  11:00  Pylon  
  84  11:01  Gateway  
  84  11:03  Photon Cannon  
  84  11:07  Gateway  
  84  11:08  Photon Cannon  
  84  11:14  Probe x2 (Chrono Boost)  
  84  11:19  Dark Templar  
Tags
 
Add a new tag
Caveats
  • Supply blocks, unpowered buildings, or Contaminate may cause inaccurate times.
  • Supply counts are checked every 10 seconds.